 Dungeon Crawl Stone Soup version 0.28-a0-802-g09f76e8c00 (webtiles) character file.

Game seed: 9225608006404683163

150423 vurker the Stormcaller (level 16, -3/139 HPs)
             Began as a Demigod Air Elementalist on Nov 6, 2021.
             Slain by an eleionoma (11 damage)
             ... on level 2 of the Swamp.
             The game lasted 00:53:32 (43483 turns).

vurker the Stormcaller (Demigod Air Elementalist)  Turns: 43483, Time: 00:53:32

Health: -3/139     AC:  6    Str:  9    XL:     16   Next: 43%
Magic:  11/40      EV:  8    Int: 37    God:
Gold:   1691       SH:  4    Dex: 11    Spells: 19/45 levels left

rFire   . . .      SeeInvis +   j - staff of air
rCold   + . .      Faith    .   e - +0 buckler
rNeg    . . .      Spirit   .   y - +2 robe {rC+}
rPois   +          Reflect  .   r - +2 hat
rElec   +          Harm     .   M - +0 cloak
rCorr   +          Rampage  .   I - +0 pair of gloves
Will    +....                   P - +1 pair of boots {Fly}
Stlth   ++........              N - amulet "Lobi" {RegenMP Fly rCorr Dex-3 SInv}
HPRegen 0.33/turn               (no ring)
MPRegen 0.52/turn               F - ring of poison resistance

@: about to teleport, grasped by roots, corroded, flying, constricted
A: high mp 1, forlorn
a: no special abilities


You were on level 2 of the Swamp.
You visited 4 branches of the dungeon, and saw 25 of its levels.
You visited the Abyss 1 time.

You collected 3136 gold pieces.
You spent 1445 gold pieces at shops.

Inventory:

Missiles
 f - 3 throwing nets
Armour
 e - a +0 buckler (worn)
   (You took it off a tengu conjurer on level 13 of the Dungeon)
 r - a +2 hat (worn)
   (You found it on level 7 of the Dungeon)
 y - a +2 robe of cold resistance (worn)
   (You took it off Fannar on level 10 of the Dungeon)
 I - a +0 pair of gloves (worn)
   (You found it on level 4 of the Dungeon)
 M - a +0 cloak (worn)
   (You took it off Maurice on level 2 of the Orcish Mines)
 O - a +1 robe of fire resistance
   (You took it off Nergalle on level 2 of the Orcish Mines)
 P - a +1 pair of boots of flying (worn)
   (You bought it in a shop on level 2 of the Orcish Mines)
Magical Staves
 j - a staff of air (weapon)
   (You acquired it on level 5 of the Dungeon)
 L - a staff of conjuration
   (You found it on level 5 of the Lair of Beasts)
Jewellery
 z - a ring of ice
   (You took it off Fannar on level 10 of the Dungeon)
 E - a ring of fire
   (You found it on level 1 of the Lair of Beasts)
 F - a ring of poison resistance (right hand)
   (You found it on level 1 of the Lair of Beasts)
 N - the amulet "Lobi" (around neck) {RegenMP Fly rCorr Dex-3 SInv}
   (You found it on level 12 of the Dungeon)

   [amulet of magic regeneration]

   It increases your rate of magic regeneration.
   Dex:       It affects your dexterity (-3).
   SInv:      It lets you see invisible.
   Fly:       It grants you flight.
   rCorr:     It protects you from acid and corrosion.
Wands
 d - a wand of iceblast (26)
   (You found it on level 3 of the Lair of Beasts)
 n - a wand of charming (8)
   (You found it on level 4 of the Dungeon)
 t - a wand of flame (66)
   (You found it on level 10 of the Dungeon)
 u - a wand of paralysis (20)
   (You found it on level 4 of the Lair of Beasts)
 v - a wand of digging (6)
   (You took it off Maurice on level 2 of the Orcish Mines)
 x - a wand of acid (16)
   (You found it on level 2 of the Lair of Beasts)
Scrolls
 a - a scroll of amnesia
 g - 4 scrolls of fog
 h - a scroll of teleportation
 s - a scroll of immolation
 B - 3 scrolls of identify
 D - a scroll of silence
 K - a scroll of enchant armour
Potions
 b - 2 potions of lignification
 c - a potion of cancellation
 l - 12 potions of curing
 m - 3 potions of heal wounds
 o - 5 potions of mutation
 p - 5 potions of haste
 w - a potion of resistance
 A - 8 potions of brilliance
 C - a potion of ambrosia
 G - 3 potions of invisibility
 J - a potion of magic


   Skills:
 + Level 11.8 Fighting
 - Level 1.7 Dodging
 - Level 1.7 Stealth
 + Level 2.9 Shields
 * Level 15.3 Spellcasting
 - Level 3.0 Conjurations
 * Level 6.4 Fire Magic
 * Level 16.9 Air Magic


You had 19 spell levels left.
You knew the following spells:

 Your Spells              Type           Power      Damage    Failure   Level
a - Shock                 Conj/Air       100%       1d9       1%          1
b - Lightning Bolt        Conj/Air       50%        1d71      1%          5
c - Airstrike             Air            62%        N/A       0%          4
d - Ignition              Fire           33%        3d10      100%        8
f - Maxwell's Capacitive  Air            62%        ∞         9%          8

Your spell library contained the following spells:

 Spells                   Type           Power      Damage    Failure   Level
 Swiftness                Air            100%       N/A       0%          3
 Animate Skeleton         Necr           56%        N/A       1%          1
 Beastly Appendage        Tmut           56%        N/A       1%          1
 Pain                     Necr           100%       1d9       1%          1
 Sandblast                Erth           56%        2d13      1%          1
 Static Discharge         Conj/Air       100%       N/A       1%          2
 Summon Lightning Spire   Summ/Air       94%        N/A       1%          4
 Silence                  Hex/Air        47%        N/A       1%          5
 Blink                    Tloc           56%        N/A       2%          2
 Passwall                 Tmut/Erth      23%        N/A       2%          2
 Wereblood                Tmut           28%        N/A       2%          2
 Dazzling Flash           Conj/Hex       78%        N/A       2%          3
 Stone Arrow              Conj/Erth      78%        3d11      2%          3
 Freezing Cloud           Conj/Ice/Air   43%        6-21      2%          5
 Lesser Beckoning         Tloc           28%        N/A       4%          3
 Spider Form              Tmut/Pois      28%        N/A       4%          3
 Vampiric Draining        Necr           28%        2d8       4%          3
 Fireball                 Conj/Fire      29%        3d13      5%          5
 Iskenderun's Mystic Bla  Conj/Tloc      39%        2d9       8%          4
 Iskenderun's Battlesphe  Conj           50%        2d10      12%         5
 Leda's Liquefaction      Hex/Erth       14%        N/A       14%         4
 Summon Ice Beast         Ice/Summ       28%        N/A       14%         4
 Starburst                Conj/Fire      29%        6d9       30%         6
 Agony                    Necr           28%        N/A       36%         5
 Alistair's Intoxication  Tmut/Pois      18%        N/A       36%         5
 Borgnjor's Vile Clutch   Necr/Erth      14%        N/A       36%         5
 Manifold Assault         Tloc           28%        N/A       36%         5
 Summon Mana Viper        Hex/Summ       28%        N/A       36%         5
 Eringya's Noxious Bog    Tmut/Pois      14%        N/A       91%         6
 Monstrous Menagerie      Summ           14%        N/A       100%        7
 Spellforged Servitor     Conj/Summ      19%        N/A       100%        7
 Shatter                  Erth           14%        3d14*     100%        9


Dungeon Overview and Level Annotations

Branches:
Dungeon (15/15)            Temple (0/1) D:7            Lair (6/6) D:10
  Swamp (2/4) Lair:2       Spider (0/4) Lair:3        Slime (0/5) Lair:5
    Orc (2/2) D:12            Elf (0/3) Orc:2        Vaults (0/5) D:13
 Depths (0/4) D:15

Shops:
D:5 ?   Orc:2 :*([=

Annotations:
D:3 Pargi
D:5 3 runed translucent doors, vogonpoet's ghost, novice DjEn
Orc:1 Urug


Innate Abilities, Weirdness & Mutations

Your attributes grow dramatically as you level up.
You have an increased reservoir of magic. (+10% MP)
You shall have no god before yourself.


Message History

Aim: an eleionoma (lightly wounded, empty space bonus: 6/8)
You feel a surge of power!
The air twists around and strikes the eleionoma!!
The eleionoma hits you but does no damage.
The shambling mangrove hits you but does no damage.
The grasping roots constrict you!
The roots' grasp on you weakens, but your attempt to escape fails.
The eleionoma closely misses you.
The roots' grasp on you weakens, but your attempt to escape fails.
The eleionoma splashes around in the water.
The shambling mangrove hits you but does no damage.
The grasping roots constrict you!
Unknown command.
You escape the roots' grasp.
A goliath frog comes into view.
The eleionoma hits you but does no damage.
You feel a surge of power!
You begin accumulating electric charge. (Press . to continue charging.)
You feel charge building up...
An eleionoma comes into view.
The eleionoma hurls a spray of splinters at you.
The spray of wooden splinters misses you.
You block the shambling mangrove's attack.
You feel charge building up...
The eleionoma shouts!
The goliath frog hits you from afar!
* * * LOW HITPOINT WARNING * * *
The acid corrodes you!
You are splashed with acid.
You resist.
* * * LOW HITPOINT WARNING * * *
The eleionoma flows through the trees.
The eleionoma hits you!
* * * LOW HITPOINT WARNING * * *
You feel much better.
The insufficient charge dissipates harmlessly.
The goliath frog hits you from afar.
You are splashed with acid.
You resist.
* * * LOW HITPOINT WARNING * * *
Roots burst forth from the earth!
The grasping roots grab you! The grasping roots constrict you!
* * * LOW HITPOINT WARNING * * *
The eleionoma hits you!
* * * LOW HITPOINT WARNING * * *
The eleionoma hits you!
* * * LOW HITPOINT WARNING * * *
As you read the scroll of teleportation, it crumbles to dust.
You feel strangely unstable. The goliath frog hits you from afar!!
* * * LOW HITPOINT WARNING * * *
You are splashed with acid.
You resist.
* * * LOW HITPOINT WARNING * * *
The eleionoma hits you!
You die...

♣...♣ ♣♣>≈≈≈♣♣
≈..♣♣♣♣♣.≈≈≈♣
♣.≈§.....≈≈≈♣
♣♣....≈≈≈≈≈≈.♣
♣.≈≈≈≈≈≈≈≈≈≈.♣
♣
♣.≈≈≈≈≈≈≈≈≈.≈♣
♣
♣≈.(.§≈≈≈§≈.♣.
≈ ♣..Rf≈≈≈≈...
♣ ♣.≈@.≈§≈≈$..
.
♣≈.R.§≈≈≈≈≈≈≈
≈
♣♣♣♣.≈F≈≈≈≈≈≈
§ ..≈≈≈≈≈..♣
≈....≈≈≈≈≈
≈≈.≈♣♣.≈≈..
.≈..≈ ≈.§≈
♣♣...≈ .≈≈


You could see a shambling mangrove, 2 eleionomae and a goliath frog.

Vanquished Creatures
  Saint Roka (Orc:2)
  Jorgrun (D:15)
  An ironbound preserver (D:13)
  A bunyip (Swamp:2)
  A spark wasp (shapeshifter) (D:15)
  An eleionoma (Swamp:1)
  Josephine (Orc:2)
  Fannar (D:10)
  A shambling mangrove (Swamp:1)
  2 ice dragons (D:15)
  16 hydras
  2 boulder beetles
  Erolcha (D:12)
  An ogre mage (D:10)
  3 catoblepae (Lair:6)
  A death knight (D:14)
  3 centaur warriors
  3 alligators (Swamp:2)
  4 two-headed ogres
  2 tengu warriors
  An orc high priest (Orc:2)
  14 death yaks
  Nergalle (Orc:2)
  Sonja (Orc:2)
  3 skeletal warriors (D:14)
  A goliath frog (Swamp:2)
  2 bog bodies
  3 wizards
  An orb spider (shapeshifter) (D:15)
  A deep elf zephyrmancer (D:14)
  3 orc knights
  4 deep elf pyromancers
  2 orc sorcerers (Orc:2)
  A will-o-the-wisp (Swamp:1)
  6 ugly things
  7 cyclopes
  3 manticores
  4 centaur zombies
  14 elephants
  Maurice (Orc:2)
  5 black mambas
  Joseph (D:7)
  A cane toad (shapeshifter) (D:14)
  Psyche (D:8)
  2 torpor snails
  2 unseen horrors
  2 gargoyles
  8 komodo dragons
  4 yaktaurs (D:15)
  10 cane toads
  2 rime drakes (Lair:3)
  A freezing wraith (D:15)
  3 efreet
  4 tengu conjurers
  A kobold demonologist (D:13)
  A demonic crawler (Lair:3)
  5 trolls
  2 bloated husks (Swamp:1)
  3 polar bears (Lair:4)
  A tyrant leech (Swamp:1)
  3 hornets
  3 slime creatures (D:13)
  7 blink frogs
  A meliai (shapeshifter) (D:13)
  Prince Ribbit (D:6)
  4 dream sheep
  Sigmund (D:4)
  A spriggan (Swamp:2)
  2 wyverns
  2 water elementals (D:12)
  4 wraiths
  102 yaks
  4 basilisks
  3 steam dragons
  A warg (Orc:2)
  Menkaure (D:7)
  A harpy simulacrum (D:14)
  10 vampire mosquitoes
  5 swamp worms
  An acid dragon (D:11)
  7 water moccasins
  Duvessa (D:6)
  An ice beast (D:5)
  26 orc warriors
  2 black bears
  An ogre (Orc:2)
  2 necrophages (D:6)
  5 wolves (Lair:2)
  10 centaurs
  Blork the orc (D:6)
  2 kobold brigands
  14 bullfrogs
  A gnoll sergeant (Orc:2)
  3 scorpions (Lair:3)
  Dowan (D:6)
  10 killer bees
  3 howler monkeys
  2 electric eels (Lair:6)
  A hound (D:5)
  2 bullfrog zombies (D:6)
  9 orc priests
  A jelly (D:7)
  3 iron imps (D:4)
  4 iguanas
  21 orc wizards
  5 hell rats
  A howler monkey zombie (D:8)
  14 gnolls
  2 howler monkey skeletons
  6 adders
  16 river rats
  A shadow imp (D:6)
  A white imp (D:6)
  3 ufetubi
  A worm (Lair:3)
  52 orcs
  4 endoplasms
  7 giant cockroaches
  6 goblins
  6 hobgoblins
  4 jackals (D:4)
  18 kobolds
  2 quokkas
  9 ball pythons
  11 bats
  2 frilled lizards (D:1)
  13 rats
  A plant (Lair:5)
654 creatures vanquished.

Vanquished Creatures (collateral kills)
  A centaur (D:11)
1 creature vanquished.

Vanquished Creatures (others)
  A bush (Lair:2)
  2 foxfires (Swamp:1)
  45 fungi
  98 plants
  2 toadstools (D:5)
148 creatures vanquished.

Grand Total: 803 creatures vanquished

Notes
Turn   | Place    | Note
-------+----------+-------------------------------------------
     0 | D:1      | vurker the Demigod Air Elementalist began the quest for the
                  | Orb.
     0 | D:1      | Reached XP level 1. HP: 14/14 MP: 5/5
   150 | D:1      | Reached skill level 1 in Conjurations
   363 | D:1      | Reached XP level 2. HP: 22/22 MP: 4/7
   375 | D:1      | Reached skill level 3 in Air Magic
   891 | D:1      | You fall into a shaft and drop 1 floor!
  1193 | D:1      | Reached XP level 3. HP: 27/27 MP: 6/9
  1637 | D:2      | Reached skill level 1 in Fighting
  2401 | D:3      | Noticed Pargi
  2637 | D:3      | Reached XP level 4. HP: 35/35 MP: 4/10
  2642 | D:3      | Learned a level 4 spell: Airstrike
  3442 | D:4      | Noticed Sigmund
  3470 | D:4      | Killed Sigmund
  3471 | D:4      | Reached skill level 4 in Air Magic
  3471 | D:4      | Reached XP level 5. HP: 10/41 MP: 1/13
  3722 | D:4      | Reached XP level 6. HP: 48/48 MP: 7/14
  5127 | D:5      | Entered Level 5 of the Dungeon
  5242 | D:5      | Found a runed translucent gate.
  5242 | D:5      | Found a runed translucent gate.
  5242 | D:5      | Found a runed translucent gate.
  5247 | D:5      | Noticed vogonpoet's ghost (novice DjEn)
  5341 | D:5      | Reached XP level 7. HP: 47/56 MP: 9/16
  5345 | D:5      | Reached skill level 5 in Air Magic
  5970 | D:5      | Found Qavur's Magic Scroll Boutique.
  5977 | D:5      | Bought 2 scrolls of identify for 44 gold pieces
  5977 | D:5      | Bought a scroll of teleportation for 33 gold pieces
  6254 | D:5      | Noticed a steam dragon
  6262 | D:5      | Killed a steam dragon
  6263 | D:5      | Reached skill level 5 in Spellcasting
  6632 | D:5      | Reached skill level 6 in Air Magic
  6868 | D:6      | Noticed Dowan
  7069 | D:6      | Reached XP level 8. HP: 63/63 MP: 6/19
  7233 | D:6      | Noticed Prince Ribbit
  7409 | D:6      | Noticed Blork the orc
  7419 | D:6      | Killed Prince Ribbit
  7576 | D:6      | Reached skill level 7 in Air Magic
  7714 | D:6      | Killed Blork the orc
  8156 | D:6      | Reached XP level 9. HP: 72/72 MP: 4/22
  8336 | D:6      | Noticed Duvessa
  8339 | D:6      | Killed Duvessa
  8547 | D:6      | Killed Dowan
  8974 | D:7      | Noticed Joseph
  8989 | D:7      | Killed Joseph
  8990 | D:7      | Reached skill level 5 in Fighting
  9115 | D:7      | Reached skill level 8 in Air Magic
  9467 | D:7      | Noticed Menkaure
  9469 | D:7      | Killed Menkaure
  9774 | D:7      | Found a staircase to the Ecumenical Temple.
  9786 | D:7      | Identified the +8 hunting sling "Uteo" {venom, rElec rN+
                  | Dex+4}
 11214 | D:8      | Noticed Psyche
 11217 | D:8      | Killed Psyche
 11668 | D:9      | Reached skill level 9 in Air Magic
 11845 | D:9      | Reached XP level 10. HP: 83/83 MP: 13/26
 12181 | D:9      | Learned a level 5 spell: Lightning Bolt
 12814 | D:10     | Entered Level 10 of the Dungeon
 12838 | D:10     | Noticed a cyclops
 12839 | D:10     | Noticed an ogre mage
 13085 | D:10     | Killed a cyclops
 13133 | D:10     | Killed an ogre mage
 13825 | D:10     | Reached skill level 10 in Air Magic
 14074 | D:10     | Found a staircase to the Lair.
 14861 | D:10     | Noticed Fannar
 14867 | D:10     | Killed Fannar
 15323 | D:11     | Identified the +6 ring mail "Ygiu" {Contam rElec SInv}
 15460 | D:5      | Bought a scroll of acquirement for 572 gold pieces
 15460 | D:5      | Acquired a staff of air
 15599 | D:11     | Noticed a wizard
 15600 | D:11     | Cast into level 3 of the Abyss (a wizard)
 15669 | Abyss:3  | Noticed a large abomination
 15683 | D:11     | Escaped the Abyss
 15686 | D:11     | Killed a wizard
 15902 | D:11     | Reached XP level 11. HP: 91/91 MP: 15/28
 16029 | D:11     | Noticed an eight-headed hydra
 16060 | D:11     | Killed an eight-headed hydra
 16733 | D:11     | Noticed a two-headed ogre
 16745 | D:11     | Killed a two-headed ogre
 16746 | D:11     | Reached skill level 10 in Spellcasting
 16746 | D:11     | Reached skill level 11 in Air Magic
 17600 | Lair:1   | Entered Level 1 of the Lair of Beasts
 17793 | Lair:1   | Noticed a four-headed hydra
 17797 | Lair:1   | Killed a four-headed hydra
 19410 | Lair:2   | Reached skill level 12 in Air Magic
 19576 | Lair:2   | Noticed a seven-headed hydra
 19579 | Lair:2   | Killed a seven-headed hydra
 19680 | Lair:2   | Reached XP level 12. HP: 102/102 MP: 6/31
 19911 | Lair:2   | Found a staircase to the Swamp.
 20387 | Lair:2   | Acquired 799 gold pieces
 22022 | Lair:2   | Found a staircase to the Swamp.
 22147 | Lair:3   | Noticed a boulder beetle
 22156 | Lair:3   | Killed a boulder beetle
 22157 | Lair:3   | Reached skill level 13 in Air Magic
 23371 | Lair:3   | Noticed a five-headed hydra
 23375 | Lair:3   | Killed a five-headed hydra
 23525 | Lair:3   | Found a hole to the Spider Nest.
 24533 | Lair:4   | Reached XP level 13. HP: 111/111 MP: 25/34
 24833 | Lair:4   | You fall into a shaft and drop 2 floors!
 24833 | Lair:6   | Entered Level 6 of the Lair of Beasts
 25796 | Lair:3   | Reached skill level 14 in Air Magic
 27769 | Lair:4   | Reached skill level 10 in Fighting
 29377 | Lair:5   | Found a staircase to the Slime Pits.
 29905 | Lair:5   | Learned a level 8 spell: Maxwell's Capacitive Coupling
 31680 | Lair:6   | Reached XP level 14. HP: 122/122 MP: 21/36
 31743 | Lair:5   | Reached skill level 15 in Air Magic
 33237 | Lair:6   | Identified the +6 scythe "Jimp" {flame, Will- Str+8 Dex-2
                  | SInv}
 33621 | D:12     | Noticed Erolcha
 33625 | D:12     | Killed Erolcha
 33797 | D:12     | Identified the amulet "Lobi" {RegenMP Fly rCorr Dex-3 SInv}
 34788 | D:12     | Found a staircase to the Orcish Mines.
 34842 | Orc:1    | Entered Level 1 of the Orcish Mines
 34919 | Orc:2    | Entered Level 2 of the Orcish Mines
 35013 | Orc:2    | Found Zadeh's Jewellery Emporium.
 35019 | Orc:2    | Noticed Josephine
 35052 | Orc:1    | Noticed Urug
 35450 | Orc:2    | Killed Josephine
 35737 | Orc:2    | Noticed Sonja
 35745 | Orc:2    | Killed Sonja
 35848 | Orc:2    | Noticed Saint Roka
 35889 | Orc:2    | Killed Saint Roka
 36067 | Orc:2    | Found a staircase to the Elven Halls.
 36566 | Orc:2    | Noticed Nergalle
 36606 | Orc:2    | Killed Nergalle
 36752 | Orc:2    | Noticed Maurice
 36756 | Orc:2    | Killed Maurice
 37340 | Orc:2    | Found Fimuups's Antique Armour Boutique.
 37353 | Orc:2    | Found Ymiqaw's General Store.
 37374 | Orc:2    | Found Poyckiy's Book Boutique.
 37497 | Orc:2    | Reached skill level 16 in Air Magic
 37635 | Orc:2    | Found Jyis Qoy's Antique Weapon Boutique.
 37679 | Orc:2    | Bought a pair of runed boots for 180 gold pieces
 37713 | Orc:2    | Bought a book of Fire for 616 gold pieces
 37722 | Orc:2    | Learned a level 8 spell: Ignition
 37916 | D:13     | Reached skill level 1 in Fire Magic
 38628 | D:13     | Found a gate to the Vaults.
 38628 | D:13     | Noticed an ironbound preserver
 38646 | D:13     | Killed an ironbound preserver
 38950 | D:13     | Reached XP level 15. HP: 130/130 MP: 39/39
 39499 | D:14     | Reached skill level 1 in Shields
 39558 | D:14     | Got the Almanac of Combed Thunderclap
 39564 | D:14     | Reached XP level 16. HP: 138/138 MP: 32/40
 39600 | D:14     | Got Biabliocw's Tome of Sand
 39609 | D:14     | Got the Volume of Plaster Cramp
 39672 | D:14     | Reached skill level 5 in Fire Magic
 40361 | D:14     | Reached skill level 15 in Spellcasting
 40571 | D:15     | Entered Level 15 of the Dungeon
 40578 | D:15     | Identified the +8 spear of Impermanence {speed, rPois Str+7
                  | Dex-5}
 41191 | D:15     | Noticed Jorgrun
 41517 | D:15     | Killed Jorgrun
 41580 | D:15     | Found a staircase to the Depths.
 42455 | Swamp:1  | Entered Level 1 of the Swamp
 43407 | Swamp:2  | Identified the +7 plate armour "Marieze" {rC- Int+6 Dex+4}
 43483 | Swamp:2  | Slain by an eleionoma

Illustrated notes

Levels and vault maps discovered:
D:1:      lightli_arrival_maybe_door_vault, layout_loops_ring,
          nrook_mini_backslash
D:2:      layout_basic, minmay_puff
D:3:      layout_rooms, ebering_ecumenical_altar_mist, chequers_mini_garden,
          uniq_pargi
D:4:      layout_rooms, vehumet_crystals, demons_altar, kennysheep_potato,
          uniq_sigmund
D:5:      layout_basic, old_standard_altar, portal_sewer_entry_b, serial_shops,
          shop_fountains, gammafunk_ghost_nasty_kobolds, st_stairs_6,
          minmay_gold_behind_fungi
D:6:      layout_rooms, chequers_serial_rivers_micro_c, hex_large,
          uniq_blork_the_orc, uniq_duvessa, uniq_prince_ribbit1
D:7:      layout_loops_ring, minmay_temple_entry_statues_pillars,
          hangedman_decor_opposing, uniq_menkaure, uniq_joseph
D:8:      layout_layer_cave, grunt_temple_overflow_open, uniq_psyche
D:9:      layout_stronghold, fungi_pond_lemuel
D:10:     layout_basic, david_lair_shrubbed, minivault_20, uniq_fannar
D:11:     minmay_octagon_keep, layout_basic
D:12:     layout_basic, erik_orc_2, serial_aquarium, aquarium_bridge_straight
          [aquarium_subvault_bridge, aquarium_subvault_wall,
          aquarium_subvault_bridge, aquarium_subvault_wall],
          aquarium_window_corridor_1, aquarium_window_2, aquarium_view_2c,
          aquarium_balcony_3b, nrook_campfire, uniq_erolcha
D:13:     layout_rooms, skrybe_vaults_entry_preservation, minmay_between
D:14:     layout_basic, hangedman_abyss_or_decor_passed,
          bh_hangedman_babel_library
D:15:     grunt_enter_depths_hoard, layout_basic, hangedman_decor_cross_pass,
          uniq_jorgrun
Lair:1:   layout_big_grid
Lair:2:   layout_chaotic_city, skrybe_swamp_entry_bodies,
          infiniplex_staircase_pool_2
Lair:3:   layout_long_grid, nicolae_spider_entry_non_spiders, basic_altar,
          grunt_forest_small_clearing_treed
Lair:4:   wad_woods_structure_01, layout_hall_layers,
          hangedman_lair_unloving_vines
Lair:5:   layout_cellular_growth, dpeg_slime_entry_corner,
          chequers_serial_rivers_micro_d, kennysheep_abandoned_house
Lair:6:   evilmike_catoblepas_cave, layout_gridlike, kennysheep_rathole
Swamp:1:  layout_basic_swamp, nicolae_swamp_small_spring
Swamp:2:  layout_basic_swamp, evilmike_swamp_ruin_rubble_1, swamp_pool3
Orc:1:    layout_diamond_mine, portal_ice_cave_demonic_guard, uniq_urug
Orc:2:    grunt_orc_cross, layout_diamond_mine, serial_shops,
          nicolae_shop_trees, uniq_josephine, uniq_sonja, uniq_maurice

Skill      XL: |  1  2  3  4  5  6  7  8  9 10 11 12 13 14 15 16 |
---------------+-------------------------------------------------+-----
Conjurations   | 1 2 3 |  3.0
Spellcasting   | 2 3 4 5 6 8 9 11 12 13 14 15 | 15.3
Air Magic      | 3 4 6 7 9 10 12 13 14 16 | 16.9
Fighting       | 1 2 3 4 5 6 8 9 10 11 | 11.8
Fire Magic     | 4 6 |  6.4
Shields        | 1 2 |  2.9
Dodging        | |  1.7
Stealth        | |  1.7

Action                   |  1- 3 |  4- 6 |  7- 9 | 10-12 | 13-15 | 16-18 || total
-------------------------+-------+-------+-------+-------+-------+-------++-------
Melee: Unarmed           |     6 |       |       |       |       |       ||     6
       Dagger            |     4 |    22 |    11 |       |       |       ||    37
       Staff             |       |       |       |     2 |    56 |       ||    58
 Cast: Shock             |   100 |   152 |    41 |    18 |     5 |     1 ||   317
       Airstrike         |       |     1 |   121 |   260 |   483 |   173 ||  1038
       Lightning Bolt    |       |       |       |    80 |    88 |     5 ||   173
       Maxwell's Capacit |       |       |       |       |     8 |     8 ||    16
Evoke: Wand              |       |     1 |     4 |    12 |     9 |       ||    26
  Use: Scroll            |       |       |    19 |     8 |     8 |     1 ||    36
       Potion            |       |       |       |       |     1 |     2 ||     3
 Stab: Sleeping          |     1 |       |       |       |       |       ||     1
Armor: Robe              |     9 |     6 |    15 |    27 |    40 |    15 ||   112
       Steam dragon scal |       |       |     2 |    26 |       |       ||    28
Dodge: Dodged            |    30 |    50 |    33 |    97 |    99 |    22 ||   331
Block: Buckler           |       |       |       |       |     1 |    13 ||    14

Table legend: (Time is in decaauts)
 A = Elapsed time spent in this place.
 B = Non-inter-level travel time spent in this place.
 C = Inter-level travel time spent in this place.
 D = Time resting spent in this place.
 E = Time spent auto-exploring this place.
 F = Levels seen in this place.
 G = Mean time per level.
                   A        B        C        D        E       F      G
               +--------+--------+--------+--------+--------+-----+--------+
         Total |  43646 |  41457 |   2189 |   5826 |  29880 |  26 | 1678.7 |
       Dungeon |  23587 |  22491 |   1096 |   2420 |  17366 |  15 | 1572.5 |
          Lair |  15976 |  14998 |    978 |   2668 |  10088 |   6 | 2662.7 |
         Swamp |   1046 |   1036 |     10 |      0 |    880 |   2 |  523.0 |
  Orcish Mines |   2953 |   2849 |    104 |    738 |   1479 |   2 | 1476.5 |
         Abyss |     82 |     82 |      0 |      0 |     66 |   1 |   82.0 |
               +--------+--------+--------+--------+--------+-----+--------+

Top non-repeatable levels by time:
  Lair:5: 3216 daAuts
  Lair:2: 2926 daAuts
  Lair:3: 2811 daAuts
  Lair:4: 2679 daAuts
  Lair:6: 2341 daAuts
     D:9: 2197 daAuts
     D:5: 2094 daAuts
   Orc:2: 2080 daAuts
  Lair:1: 2000 daAuts
    D:11: 1959 daAuts
     D:4: 1952 daAuts
     D:6: 1911 daAuts
    D:10: 1896 daAuts
    D:12: 1823 daAuts
    D:15: 1379 daAuts
